 Dungeon Crawl Stone Soup version 0.21.1-1-g345015f (webtiles) character file.

1891 tidbits the Covert (level 9, -5/69 HPs)
             Began as a Gnoll Assassin on Mar 29, 2018.
             Was a Follower of Cheibriados.
             Killed from afar by Mirai's ghost (21 damage)
             ... with an orb of energy
             ... on level 8 of the Dungeon.
             The game lasted 00:21:47 (1544 turns).

tidbits the Covert (Gnoll Assassin)                 Turns: 1544, Time: 00:21:48

Health: -5/69      AC: 12    Str: 21    XL:     9   Next: 15%
Magic:  10/14      EV: 15    Int: 24    God:    Cheibriados [*.....]
Gold:   110        SH:  5    Dex: 18    Spells: 11/15 levels left

rFire    . . .     SeeInvis .   h - +2 falchion (holy)
rCold    . . .     Gourm    +   D - +0 buckler
rNeg     . . .     Faith    .   B - +0 robe
rPois    .         Spirit   .   (no helmet)
rElec    .         Reflect  .   C - +1 cloak
rCorr    .         Harm     .   (no gloves)
MR       .....                  (no boots)
Stlth    ++++......             y - amulet of the gourmand
HPRegen  0.21/turn              W - ring of wizardry
MPRegen  0.14/turn              (no ring)

@: mighty, brilliant, icy armour, flying, hasted, quick
A: distributed training, fangs 1, strong nose
a: Bend Time, Renounce Religion


You were on level 8 of the Dungeon.
You worshipped Cheibriados.
Cheibriados was aware of your devotion.
You were hungry.

You visited 1 branch of the dungeon, and saw 8 of its levels.

You collected 110 gold pieces.

Inventory:

Hand Weapons
 a - a +2 dagger
 b - a +0 broad axe
 g - a +0 blowgun
 h - a +2 falchion of holy wrath (weapon)
   (You found it on level 2 of the Dungeon)
 n - a +0 rapier
 s - a +0 flail
 G - a +0 shortbow
Missiles
 e - 13 poisoned needles
 j - 21 stones (quivered)
 H - 34 arrows
Armour
 B - a +0 robe (worn)
 C - a +1 cloak (worn)
 D - a +0 buckler (worn)
Jewellery
 i - an uncursed amulet of guardian spirit
   (You found it on level 3 of the Dungeon)
 y - an amulet of the gourmand (around neck)
   (You found it on level 1 of the Dungeon)
 W - a ring of wizardry (left hand)
   (You found it on level 5 of the Dungeon)
Scrolls
 d - a scroll of magic mapping
 r - 3 scrolls of remove curse
 v - a scroll of blinking {unknown}
 w - a scroll of teleportation {unknown}
 x - a scroll of immolation {unknown}
 E - a scroll of identify {unknown}
Potions
 l - a potion of curing
Books
 f - a book of Frost
   (You found it on level 5 of the Dungeon)

   Spells                             Type                      Level
   a - Freeze                         Ice                          1
   b - Throw Frost                    Conjuration/Ice              2
   c - Ozocubu's Armour               Charms/Ice                   3
   d - Throw Icicle                   Conjuration/Ice              4
   e - Summon Ice Beast               Ice/Summoning                4
 A - a book of Cantrips
   (You found it on level 6 of the Dungeon)

   Spells                             Type                      Level
   a - Confusing Touch                Hexes                        1
   b - Animate Skeleton               Necromancy                   1
   c - Summon Small Mammal            Summoning                    1
   d - Apportation                    Translocation                1
Comestibles
 c - 12 rations


   Skills:
 + Level 6.1 Fighting
 + Level 6.1 Short Blades
 + Level 3.9 Long Blades
 + Level 3.9 Axes
 + Level 3.9 Maces & Flails
 + Level 3.9 Polearms
 + Level 3.9 Staves
 + Level 3.9 Slings
 + Level 3.9 Bows
 + Level 3.9 Crossbows
 + Level 6.1 Throwing
 + Level 3.9 Armour
 + Level 4.7 Dodging
 + Level 8.8 Stealth
 + Level 3.9 Shields
 + Level 3.9 Unarmed Combat
 + Level 3.9 Spellcasting
 + Level 3.2 Conjurations
 + Level 3.2 Hexes
 + Level 3.2 Charms
 + Level 3.2 Summonings
 + Level 3.2 Necromancy
 + Level 3.2 Translocations
 + Level 3.2 Transmutations
 + Level 3.2 Fire Magic
 + Level 3.2 Ice Magic
 + Level 3.2 Air Magic
 + Level 3.2 Earth Magic
 + Level 3.2 Poison Magic
 + Level 4.2 Invocations
 + Level 3.9 Evocations


You had 11 spell levels left.
You knew the following spells:

 Your Spells              Type           Power        Failure   Level  Hunger
o - Ozocubu's Armour      Chrm/Ice       ####....     1%          3    ##.....
A - Apportation           Tloc           ####..       1%          1    None


Dungeon Overview and Level Annotations

Branches:
Dungeon (8/15)
 Temple: D:4-7         Lair: D:8-11

Altars:
Cheibriados
Gozag
Kikubaaqudgha

Annotations:
D:2 Robin
D:8 Mirai's ghost, novice DECj


Innate Abilities, Weirdness & Mutations

Your experience applies equally to all skills.
You have very sharp teeth.
Your uncanny sense of smell can sniff out nearby items.


Message History

n - a rapier
There is a stone staircase leading down here.
Wield which item (- for none, * to show all)? (? for menu, Esc to quit)
a - a +2 dagger (weapon)
You climb downwards.
A howler monkey zombie comes into view.
Found a stone staircase leading down.
There is a stone staircase leading up here.
Wield which item (- for none, * to show all)? (? for menu, Esc to quit)
Your +2 falchion of holy wrath softly glows with a divine radiance!
h - a +2 falchion of holy wrath (weapon)
Throwing (i - inventory):
j - 22 stones (quivered)
Press: ? - help, Shift-Dir - straight line, f - howler monkey zombie
Aim: a howler monkey zombie You throw a stone.
The stone hits the howler monkey zombie.
The howler monkey zombie is moderately damaged.
You hit the howler monkey zombie.
The howler monkey zombie convulses.
The howler monkey zombie is heavily damaged.
You block the howler monkey zombie's attack.
You hit the howler monkey zombie.
The howler monkey zombie convulses.
The howler monkey zombie is severely damaged.
The howler monkey zombie closely misses you.
You riposte.
You hit the howler monkey zombie.
The howler monkey zombie convulses.
You destroy the howler monkey zombie!
Cheibriados thoroughly appreciates the change of pace.
Cheibriados slows and strengthens your metabolism.
Cheibriados raises the support of your attributes as your movement slows.
There is a stone staircase leading down here.
You climb downwards. 2 centaurs come into view.
Found a stone staircase leading down.
There is a stone staircase leading up here.
Wield which item (- for none, * to show all)? (? for menu, Esc to quit)
Your +2 falchion of holy wrath stops glowing.
a - a +2 dagger (weapon)
The helpless centaur fails to defend itself.
You perforate the centaur like a sieve!!!
You kill the centaur!
Cheibriados thoroughly appreciates the change of pace.
You found a teleport trap!
Things that are here:
a shortbow; 17 arrows An ogre comes into view.
It is wielding a giant club.
The helpless centaur fails to defend itself.
You stick the centaur like a pincushion!!!
You kill the centaur!
Cheibriados appreciates the change of pace.
Things that are here:
a shortbow; 10 arrows
Found a stone staircase leading down.
The flow of time bends around you.
Cheibriados rebukes the ogre.
The ogre seems to slow down.
You feel slightly more hungry.
Wield which item (- for none, * to show all)? (? for menu, Esc to quit)
Okay, then.
Unknown command.
Wield which item (- for none, * to show all)? (? for menu, Esc to quit)
Your +2 falchion of holy wrath softly glows with a divine radiance!
h - a +2 falchion of holy wrath (weapon)
Mirai's ghost (novice Deep Elf Conjurer) comes into view.
It is wielding a weapon of electrocution.
You closely miss the ogre. The ogre hits you with a giant club!!
* * * LOW HITPOINT WARNING * * *
As you read the scroll of fear, it crumbles to dust.
You assume a fearsome visage.
The ogre looks frightened!
Mirai's ghost is unaffected.
Mirai's ghost turns its malevolent gaze towards you.
As you read the scroll labeled XUJEUGU EHOKHA, it crumbles to dust.
It is a scroll of enchant armour.
Your +0 cloak glows green for a moment.
All of the chunks of flesh in your inventory have rotted away.
Mirai's ghost gestures at you while chanting.
The orb of energy hits you!
* * * LOW HITPOINT WARNING * * *
Things that are here:
a shortbow; 10 arrows It was a potion of haste.
You feel yourself speed up.
Cheibriados forgives your accidental hurry, just this once.
It was a potion of brilliance.
You feel clever all of a sudden.
It was a potion of flight.
You feel very buoyant.
You fly up into the air.
Mirai's ghost casts a spell at you. The magic dart hits you!
* * * LOW HITPOINT WARNING * * *
You feel better. Mirai's ghost casts a spell at you.
The ball explodes into a vile cloud!
The stinking cloud engulfs you!
Casting: Ozocubu's Armour
Confirm with . or Enter, or press ? or * to list all spells.
A film of ice covers your body!
You feel very mighty all of a sudden.
Mirai's ghost screams, "You must not succeed where I failed!"
Mirai's ghost hits you but does no damage.
You hit Mirai's ghost but do no damage.
Mirai's ghost points at you and mumbles some strange words.
The orb of energy hits you!
You die...

#. ......
##.######....>#
##..............
...............
##.........##
#...........#
#...........#
........W.§§.#
#........@§§.###...
.........§.§.......
............####.##
#.##........#
#.#.........+
#.....).^.###
#....<........
#.......>..###
#.....≈#####


You could see Mirai's ghost.

Vanquished Creatures
  A two-headed ogre (D:6)
  The ghost of Lucio the Zephyrmancer, a novice TeAE of Sif Muna (D:5)
  Sigmund (D:2)
  A phantom (D:5)
  An ogre (D:5)
  3 centaurs
  A howler monkey (D:6)
  A centaur skeleton (D:6)
  An orc priest (D:3)
  Jessica (D:3)
  2 iguanas (D:6)
  An orc wizard (D:3)
  A worker ant (D:5)
  A hound zombie (D:5)
  A howler monkey zombie (D:7)
  A gnoll (D:6)
  4 adders
  An adder skeleton (D:5)
  A worm (D:5)
  A dart slug (D:5)
  5 leopard geckos
  8 orcs
  2 giant cockroaches (D:3)
  6 goblins
  A hobgoblin (D:2)
  2 jackals (D:3)
  5 kobolds
  2 quokkas
  4 bats
  A leopard gecko skeleton (D:4)
  11 rats
73 creatures vanquished.

Notes
Turn   | Place    | Note
-------+----------+-------------------------------------------
     0 | D:1      | tidbits the Gnoll Assassin began the quest for the Orb.
     0 | D:1      | Reached XP level 1. HP: 20/20 MP: 1/1
    83 | D:2      | Noticed Sigmund
   106 | D:2      | Reached XP level 2. HP: 23/26 MP: 2/2
   113 | D:2      | Killed Sigmund
   113 | D:2      | Reached skill level 1 in Long Blades
   113 | D:2      | Reached skill level 1 in Axes
   113 | D:2      | Reached skill level 1 in Maces & Flails
   113 | D:2      | Reached skill level 1 in Polearms
   113 | D:2      | Reached skill level 1 in Staves
   113 | D:2      | Reached skill level 1 in Slings
   113 | D:2      | Reached skill level 1 in Bows
   113 | D:2      | Reached skill level 1 in Crossbows
   113 | D:2      | Reached skill level 1 in Armour
   113 | D:2      | Reached skill level 1 in Shields
   113 | D:2      | Reached skill level 1 in Unarmed Combat
   113 | D:2      | Reached skill level 1 in Spellcasting
   113 | D:2      | Reached skill level 1 in Conjurations
   113 | D:2      | Reached skill level 1 in Hexes
   113 | D:2      | Reached skill level 1 in Charms
   113 | D:2      | Reached skill level 1 in Summonings
   113 | D:2      | Reached skill level 1 in Necromancy
   113 | D:2      | Reached skill level 1 in Translocations
   113 | D:2      | Reached skill level 1 in Transmutations
   113 | D:2      | Reached skill level 1 in Fire Magic
   113 | D:2      | Reached skill level 1 in Ice Magic
   113 | D:2      | Reached skill level 1 in Air Magic
   113 | D:2      | Reached skill level 1 in Earth Magic
   113 | D:2      | Reached skill level 1 in Poison Magic
   113 | D:2      | Reached skill level 1 in Invocations
   113 | D:2      | Reached skill level 1 in Evocations
   113 | D:2      | Reached XP level 3. HP: 28/31 MP: 2/5
   113 | D:2      | Reached XP level 4. HP: 35/38 MP: 2/6
   113 | D:2      | Reached XP level 5. HP: 40/43 MP: 2/7
   230 | D:3      | Noticed Jessica
   250 | D:3      | Killed Jessica
   250 | D:3      | Reached skill level 3 in Dodging
   291 | D:3      | Reached skill level 8 in Stealth
   299 | D:3      | Reached skill level 2 in Invocations
   299 | D:3      | Reached XP level 6. HP: 44/50 MP: 8/8
   433 | D:3      | Found an opulent altar of Gozag.
   583 | D:2      | Noticed Robin
   842 | D:4      | Found an ancient bone altar of Kikubaaqudgha.
   850 | D:5      | Entered Level 5 of the Dungeon
   915 | D:5      | Found a snail-covered altar of Cheibriados.
   916 | D:5      | Noticed Lucio's ghost (novice TeAE)
   919 | D:5      | Noticed a phantom
   921 | D:5      | Became a worshipper of Cheibriados the Contemplative
   947 | D:5      | Killed Lucio's ghost
   947 | D:5      | Reached skill level 5 in Fighting
   947 | D:5      | Reached skill level 5 in Short Blades
   947 | D:5      | Reached skill level 2 in Long Blades
   947 | D:5      | Reached skill level 2 in Axes
   947 | D:5      | Reached skill level 2 in Maces & Flails
   947 | D:5      | Reached skill level 2 in Polearms
   947 | D:5      | Reached skill level 2 in Staves
   947 | D:5      | Reached skill level 2 in Slings
   947 | D:5      | Reached skill level 2 in Bows
   947 | D:5      | Reached skill level 2 in Crossbows
   947 | D:5      | Reached skill level 5 in Throwing
   947 | D:5      | Reached skill level 2 in Armour
   947 | D:5      | Reached skill level 2 in Shields
   947 | D:5      | Reached skill level 2 in Unarmed Combat
   947 | D:5      | Reached skill level 2 in Spellcasting
   947 | D:5      | Reached skill level 2 in Conjurations
   947 | D:5      | Reached skill level 2 in Hexes
   947 | D:5      | Reached skill level 2 in Charms
   947 | D:5      | Reached skill level 2 in Summonings
   947 | D:5      | Reached skill level 2 in Necromancy
   947 | D:5      | Reached skill level 2 in Translocations
   947 | D:5      | Reached skill level 2 in Transmutations
   947 | D:5      | Reached skill level 2 in Fire Magic
   947 | D:5      | Reached skill level 2 in Ice Magic
   947 | D:5      | Reached skill level 2 in Air Magic
   947 | D:5      | Reached skill level 2 in Earth Magic
   947 | D:5      | Reached skill level 2 in Poison Magic
   947 | D:5      | Reached skill level 2 in Evocations
   947 | D:5      | Reached XP level 7. HP: 56/56 MP: 7/10
  1004 | D:5      | Learned a level 3 spell: Ozocubu's Armour
  1062 | D:6      | Reached skill level 3 in Invocations
  1113 | D:6      | Reached XP level 8. HP: 53/63 MP: 12/12
  1131 | D:6      | Noticed a two-headed ogre
  1165 | D:6      | Learned a level 1 spell: Apportation
  1265 | D:5      | Reached skill level 3 in Long Blades
  1265 | D:5      | Reached skill level 3 in Axes
  1265 | D:5      | Reached skill level 3 in Maces & Flails
  1265 | D:5      | Reached skill level 3 in Polearms
  1265 | D:5      | Reached skill level 3 in Staves
  1265 | D:5      | Reached skill level 3 in Slings
  1265 | D:5      | Reached skill level 3 in Bows
  1265 | D:5      | Reached skill level 3 in Crossbows
  1265 | D:5      | Reached skill level 3 in Armour
  1265 | D:5      | Reached skill level 4 in Dodging
  1265 | D:5      | Reached skill level 3 in Shields
  1265 | D:5      | Reached skill level 3 in Unarmed Combat
  1265 | D:5      | Reached skill level 3 in Spellcasting
  1265 | D:5      | Reached skill level 3 in Evocations
  1364 | D:6      | HP: 8/94 [two-headed ogre/giant club (16)]
  1368 | D:6      | Killed a two-headed ogre
  1368 | D:6      | Reached skill level 6 in Fighting
  1368 | D:6      | Reached skill level 6 in Short Blades
  1368 | D:6      | Reached skill level 6 in Throwing
  1368 | D:6      | Reached skill level 3 in Conjurations
  1368 | D:6      | Reached skill level 3 in Hexes
  1368 | D:6      | Reached skill level 3 in Charms
  1368 | D:6      | Reached skill level 3 in Summonings
  1368 | D:6      | Reached skill level 3 in Necromancy
  1368 | D:6      | Reached skill level 3 in Translocations
  1368 | D:6      | Reached skill level 3 in Transmutations
  1368 | D:6      | Reached skill level 3 in Fire Magic
  1368 | D:6      | Reached skill level 3 in Ice Magic
  1368 | D:6      | Reached skill level 3 in Air Magic
  1368 | D:6      | Reached skill level 3 in Earth Magic
  1368 | D:6      | Reached skill level 3 in Poison Magic
  1368 | D:6      | Reached skill level 4 in Invocations
  1368 | D:6      | Reached XP level 9. HP: 34/69 MP: 10/14
  1509 | D:7      | Reached * piety under Cheibriados
  1531 | D:8      | Noticed Mirai's ghost (novice DECj)
  1539 | D:8      | HP: 5/69 [Mirai's ghost/magic dart (9)]
  1544 | D:8      | Killed from afar by Mirai's ghost

Skill      XL: |  1  2  3  4  5  6  7  8 |
---------------+-------------------------+-----
Long Blades    | 1 2 3 |  3.9
Axes           | 1 2 3 |  3.9
Maces & Flails | 1 2 3 |  3.9
Polearms       | 1 2 3 |  3.9
Staves         | 1 2 3 |  3.9
Slings         | 1 2 3 |  3.9
Bows           | 1 2 3 |  3.9
Crossbows      | 1 2 3 |  3.9
Armour         | 1 2 3 |  3.9
Shields        | 1 2 3 |  3.9
Unarmed Combat | 1 2 3 |  3.9
Spellcasting   | 1 2 3 |  3.9
Conjurations   | 1 2 3 |  3.2
Hexes          | 1 2 3 |  3.2
Charms         | 1 2 3 |  3.2
Summonings     | 1 2 3 |  3.2
Necromancy     | 1 2 3 |  3.2
Translocations | 1 2 3 |  3.2
Transmutations | 1 2 3 |  3.2
Fire Magic     | 1 2 3 |  3.2
Ice Magic      | 1 2 3 |  3.2
Air Magic      | 1 2 3 |  3.2
Earth Magic    | 1 2 3 |  3.2
Poison Magic   | 1 2 3 |  3.2
Invocations    | 1 2 3 4 |  4.2
Evocations     | 1 2 3 |  3.9
Dodging        | 3 4 |  4.7
Stealth        | 8 |  8.8
Fighting       | 5 6 |  6.1
Short Blades   | 5 6 |  6.1
Throwing       | 5 6 |  6.1

Action                   |  1- 3 |  4- 6 |  7- 9 || total
-------------------------+-------+-------+-------++-------
Melee: Dagger            |    11 |    86 |    31 ||   128
       Unarmed           |       |    24 |    21 ||    45
       Bite              |       |     4 |     8 ||    12
       Punch             |       |     1 |       ||     1
       Broad axe         |       |     8 |    16 ||    24
       Scythe            |       |     4 |       ||     4
       Falchion          |       |       |     8 ||     8
 Fire: Blowgun           |       |     6 |    12 ||    18
Throw: Tomahawk          |       |     1 |     3 ||     4
       Stone             |       |       |     1 ||     1
 Cast: Ozocubu's Armour  |       |       |     2 ||     2
Invok: Bend Time         |       |       |     2 ||     2
  Use: Potion            |       |     3 |    10 ||    13
       Scroll            |       |     2 |     5 ||     7
 Stab: Sleeping          |     5 |     8 |     9 ||    22
       Distracted        |       |     1 |       ||     1
  Eat: Chunk             |       |       |     2 ||     2
Armor: Robe              |     3 |    31 |     5 ||    39
       Skin              |       |    38 |    14 ||    52
Dodge: Dodged            |    15 |    66 |    27 ||   108
Block: Buckler           |       |    19 |    12 ||    31
       Rpst.: Falchion   |       |       |     2 ||     2

Table legend:
 A = Turns spent in this place as a percentage of turns spent in the entire game.
 B = Non-inter-level travel turns spent in this place as a percentage of non-inter-level travel turns spent in the entire game.
 C = Inter-level travel turns spent in this place as a percentage of turns spent in this place.
 D = Turns resting spent in this place as a percentage of non-inter-level travel turns spent in this place.
 E = Turns spent auto-exploring this place as a percentage of non-inter-level travel turns spent in this place.
 F = Non-inter-level travel turns spent in this place divided by the number of levels of this place that you've seen.
                   A       B       C       D       E      F
               +-------+-------+-------+-------+-------+----------------------
         Total | 100.0 | 100.0 |   5.6 |   0.0 |   0.0 | 182.2
       Dungeon | 100.0 | 100.0 |   5.6 |   0.0 |   0.0 | 182.2
               +-------+-------+-------+-------+-------+----------------------

Table legend:
 A = Kills in this place as a percentage of kills in entire the game.
 B = Kills by you in this place as a percentage of kills by you in the entire game.
 C = Kills by friends in this place as a percentage of kills by friends in the entire game.
 D = Other kills in this place as a percentage of other kills in the entire game.
 E = Experience gained in this place as a percentage of experience gained in the entire game.
 F = Experience gained in this place divided by the number of levels of this place that you have seen.
                   A       B       C       D       E      F
               +-------+-------+-------+-------+-------+----------------------
         Total | 100.0 | 100.0 |   N/A |   N/A | 100.0 | 337.8
       Dungeon | 100.0 | 100.0 |   N/A |   N/A | 100.0 | 337.8
               +-------+-------+-------+-------+-------+----------------------

Vault maps used:
D:1:      scummos_arrival_star
D:2:      kennysheep_big_flooded_room, serial_forest,
          infiniplex_forest_straight_4, infiniplex_forest_zigzag_1,
          infiniplex_forest_clump_tiny, infiniplex_forest_straight_5,
          minmay_item_behind_shaft, uniq_robin, uniq_sigmund,
          uniq_crazy_yiuf_cottage
D:3:      nicolae_gozag_seed_capital, uniq_jessica
D:4:      marbit_many_paths, nicolae_ru_path_of_blood,
          overflow_temple_1_default, uniq_natasha, uniq_blork_the_orc,
          uniq_duvessa
D:5:      nicolae_overflow_crystal_walls, evilmike_ruin_ashenzari, first_ration,
          serial_shops, nicolae_shop_statue_plus
D:7:      lemuel_round_altar, minmay_temple_entry_trees
D:8:      kennysheep_little_box, serial_shops, kennysheep_mini,
          hangedman_little_slice_of_home, small_statue_intersection,
          lemuel_flamethrower_2, uniq_psyche, uniq_grum
